 Dungeon Crawl Stone Soup version 0.30-a0-743-gbfdf073431 (webtiles) character file.

Game seed: 5955325856263496653

14 Aneyh the Slasher (level 2, -2/19 HPs)
             Began as a Tengu Monk on Feb 7, 2023.
             Slain by a gnoll
             ... wielding a +0 whip
              (8 damage)
             ... on level 1 of the Dungeon.
             The game lasted 00:00:46 (469 turns).

Aneyh the Slasher (Tengu Monk)                       Turns: 469, Time: 00:00:47

Health: -2/19      AC:  2    Str: 11    XL:     2   Next: 45%
Magic:  3/3        EV: 13    Int: 10    God:
Gold:   12         SH:  0    Dex: 16    Spells: 1/1 levels left

rFire   . . .      SeeInvis .    a - +0 falchion
rCold   . . .      Faith    .    (no shield)
rNeg    . . .      Spirit   .    b - +0 robe
rPois   .          Reflect  .    (helmet restricted)
rElec   .          Harm     .    (no cloak)
rCorr   .          Rampage  .    (no gloves)
Will    .....                    (boots unavailable)
Stlth   ++                       (no amulet)
HPRegen 0.23/turn                (no ring)
MPRegen 0.08/turn                (no ring)

@: no status effects
A: beak, talons 3
a: no special abilities


You were on level 1 of the Dungeon.
You visited 1 branch of the dungeon, and saw 1 of its levels.

You collected 12 gold pieces.

Inventory:

Hand Weapons
 a - a +0 falchion (weapon)
 f - a +0 spear
Armour
 b - a +0 robe (worn)
 g - a +0 chain mail
Scrolls
 d - a scroll of teleportation {unknown}
 h - a scroll of vulnerability {unknown}
Potions
 c - a potion of ambrosia
 e - 3 potions of curing {unknown}


   Skills:
 - Level 3.0 Fighting
 + Level 4.2 Long Blades
 - Level 3.2 Dodging
 - Level 2.0 Stealth


You had one spell level left.
You didn't know any spells.
Your spell library contained the following spells:

 Spells                   Type           Power      Damage    Failure   Level
 Lesser Beckoning         Tloc           0%         N/A       50%         2
 Gell's Gravitas          Tloc           0%         N/A       75%         3
 Kindle Blastsparks       Fire/Tloc/Air  0%         2d10      75%         3
 Teleport Other           Tloc           0%         N/A       75%         3
 Fulminant Prism          Conj/Hex       0%         3d5       98%         4
 Iskenderun's Mystic Bla  Conj/Tloc      0%         2d3       98%         4
 Lee's Rapid Deconstruct  Erth           0%         3d4*      100%        5


Dungeon Overview and Level Annotations

Branches:
Dungeon (1/15)

Altars:


Innate Abilities, Weirdness & Mutations

You have a beak for a mouth.
You have claws for feet.


Message History

A kobold is nearby!
A kobold is nearby!
A gnoll and a rat come into view.
Found a dagger.
The kobold shouts!
You hear a shout!
The gnoll moves out of view.
Found a Trismegistus Codex.
A goblin comes into view. It is wielding a +0 club.
You closely miss the rat.
The gnoll shouts!
You claw the rat.
You kill the rat!
You hit the kobold. Your kick misses the kobold.
The kobold is heavily wounded.
The kobold hits you with a +0 club.
You hit the kobold but do no damage. Your kick misses the kobold.
The kobold is heavily wounded.
The kobold barely misses you. x2
You hit the kobold but do no damage.
The kobold is heavily wounded.
The kobold hits you with a +0 club.
An endoplasm comes into view.
You closely miss the kobold. Your kick misses the kobold.
The kobold is heavily wounded.
The kobold hits you with a +0 club.
You closely miss the kobold. You claw the kobold.
You kill the kobold!
You hit the gnoll. Your peck misses the gnoll.
The gnoll is heavily wounded.
The gnoll misses you.
You hit the gnoll.
The gnoll is severely wounded.
The gnoll hits you with a +0 whip.
You barely miss the gnoll.
The gnoll is severely wounded.
The gnoll barely misses you.
You barely miss the gnoll.
The gnoll is severely wounded.
The gnoll hits you with a +0 whip!
You die...

######### †.......#
#.####..# #.# #..#
#.# #..# #.# #..#
######## #.# #..#
##.@ggJ.# #.##
#..######.#.##...#
#.
.#.###........###.)
..: #.#
###.###.######.#
##.. . ... #
##....# #.# .# #.#
###.##### .# .. #.#
.#.##
############### #.#
#.##
#≈≈≈≈≈≈≈≈≈≈≈≈≈#
####.# #.#
#≈≈≈≈≈≈≈≈≈≈≈≈≈#
#.....


You could see a gnoll, an endoplasm and a goblin.

Vanquished Creatures
  4 hobgoblins (D:1)
  A ball python (D:1)
  2 bats (D:1)
  3 frilled lizards (D:1)
  2 kobolds (D:1)
  3 rats (D:1)
15 creatures vanquished.

Notes
Turn   | Place    | Note
-------+----------+-------------------------------------------
     0 | D:1      | Aneyh the Tengu Monk began the quest for the Orb.
     0 | D:1      | Reached XP level 1. HP: 14/14 MP: 2/2
   350 | D:1      | Reached XP level 2. HP: 18/19 MP: 3/3
   372 | D:1      | Reached skill level 4 in Long Blades
   469 | D:1      | Slain by a gnoll

Illustrated notes

Levels and vault maps discovered:
D:1:      zaba_arrival_water, layout_loops_ring

Skill      XL: |  1  2 |
---------------+-------+-----
Long Blades    | 4 |  4.2
Fighting       | |  3.0
Dodging        | |  3.2
Stealth        | |  2.0

Action                     || total
---------------------------++-------
  Melee: Falchion          ||    36
         Peck              ||     3
         Kick              ||     7
   Stab: Sleeping          ||     3
 Armour: Robe              ||     2
  Dodge: Dodged            ||    23

Table legend: (Time is in decaauts)
 A = Elapsed time spent in this place.
 B = Non-inter-level travel time spent in this place.
 C = Inter-level travel time spent in this place.
 D = Time resting spent in this place.
 E = Time spent auto-exploring this place.
 F = Levels seen in this place.
 G = Mean time per level.
                   A        B        C        D        E       F      G
               +--------+--------+--------+--------+--------+-----+--------+
         Total |    479 |    479 |      0 |      0 |    364 |   1 |  479.0 |
       Dungeon |    479 |    479 |      0 |      0 |    364 |   1 |  479.0 |
               +--------+--------+--------+--------+--------+-----+--------+

Top non-repeatable levels by time:
     D:1: 479 daAuts
